 Dungeon Crawl Stone Soup version 0.27.0-1-g7a089689b8 (webtiles) character file.

Game seed: 2699334602386283118

2148123 SnakkuSnakku7 the Merfolkian Porcupine (level 27, 243/249 HPs)
             Began as a Merfolk Air Elementalist on Aug 14, 2021.
             Was the Champion of Vehumet.
             Escaped with the Orb
             ... and 3 runes!
             The game lasted 01:21:22 (42793 turns).

SnakkuSnakku7 the Merfolkian Porcupine (MfAE)      Turns: 42793, Time: 01:21:23

Health: 243/249    AC: 33    Str: 25    XL:     27
Magic:  26/26      EV: 19    Int:  9    God:    Vehumet [******]
Gold:   3976       SH:  0    Dex: 15    Spells: 30/30 levels left

rFire    + . .     SeeInvis +   a - +9 bardiche (spect)
rCold    . . .     Faith    .   (shield currently unavailable)
rNeg     . . .     Spirit   .   P - +7 plate armour {rF+}
rPois    +         Reflect  .   (helmet restricted)
rElec    .         Harm     .   x - +2 cloak of the Thief {*Fog Slay-2 SInv Stlth+}
rCorr    +         Rampage  .   C - +1 pair of gloves
Will     ++...                  l - +2 pair of boots
Stlth    ..........             N - amulet "Peupsos" {+Blink Regen+}
HPRegen  1.51/turn              V - +4 ring of slaying
MPRegen  0.20/turn              Z - ring "Witage" {rPois rCorr Str+7 Int-4}

@: no status effects
A: (nimble swimmer 2), mertail, horns 1, dopey 1, screaming 1, weak 1
0: Orb of Zot
}: 3/15 runes: decaying, serpentine, abyssal
a: Renounce Religion, Evoke Blink


You escaped.
You worshipped Vehumet.
Vehumet was exalted by your worship.
You visited 8 branches of the dungeon, and saw 45 of its levels.
You visited the Abyss 1 time.
You also visited: Bailey and Gauntlet.

You collected 6189 gold pieces.
You spent 2213 gold pieces at shops.

Inventory:

Hand Weapons
 a - a +9 spectral bardiche (weapon)
 b - a +1 antimagic bardiche
Missiles
 h - 2 curare-tipped darts (quivered)
 I - 2 throwing nets
Armour
 d - a +2 helmet of intelligence
 l - a +2 pair of boots (worn)
 x - the +2 cloak of the Thief (worn) {*Fog Slay-2 SInv Stlth+}
   (You found it on level 3 of the Snake Pit)

   It may release a thick cloud of smoke when the wearer is hurt.
   Slay:      It affects your accuracy & damage with ranged weapons and melee
   (-2).
   SInv:      It lets you see invisible.
   Stlth:     It makes you more stealthy.
 C - a +1 pair of gloves (worn)
 P - a +7 plate armour of fire resistance (worn)
Jewellery
 B - a +4 ring of evasion
 M - a +4 ring of slaying
 N - the amulet "Peupsos" (around neck) {+Blink Regen+}
   (You took it off a minotaur in a Gauntlet)

   [amulet of regeneration]

   +Blink:    It lets you blink.
   Regen:     It increases your rate of health regeneration.
 V - a +4 ring of slaying (left hand)
 Z - the ring "Witage" (right hand) {rPois rCorr Str+7 Int-4}
   (You acquired it on level 1 of the Snake Pit)

   [ring of poison resistance]

   Str:       It affects your strength (+7).
   Int:       It affects your intelligence (-4).
   rPois:     It protects you from poison.
   rCorr:     It protects you from acid and corrosion.
Wands
 e - a wand of flame (87)
 w - a wand of acid (15)
 y - a wand of mindburst (24)
 z - a wand of charming (7)
 G - a wand of iceblast (26)
 H - a wand of polymorph (11)
 K - a wand of paralysis (48)
 S - a wand of digging (7)
Scrolls
 j - a scroll of silence
 k - a scroll of magic mapping
 n - 7 scrolls of fog
 o - 8 scrolls of teleportation
 s - 5 scrolls of fear
 A - 11 scrolls of identify
 F - a scroll of enchant armour
 J - 4 scrolls of amnesia
 O - a scroll of holy word
 U - a scroll of summoning
Potions
 c - 5 potions of heal wounds
 f - 3 potions of might
 g - 4 potions of invisibility
 i - 12 potions of curing
 m - a potion of ambrosia
 q - 4 potions of flight
 r - 7 potions of brilliance
 t - 4 potions of attraction
 D - 3 potions of berserk rage
 E - 4 potions of haste
 T - 5 potions of mutation
 Y - 2 potions of magic
Miscellaneous
 p - a phantom mirror
 u - a box of beasts
 v - a lightning rod (4/4)
 Q - a phial of floods


   Skills:
 O Level 27 Fighting
 O Level 27 Polearms
 - Level 6.0 Throwing
 + Level 14.7 Armour
 O Level 27 Dodging
 - Level 2.1 Stealth
 - Level 2.0 Spellcasting
 - Level 0.7 Conjurations
 - Level 2.4 Air Magic


You had 30 spell levels left.
You didn't know any spells.
Your spell library contained the following spells:

 Spells                   Type           Power      Damage    Failure   Level
 Ignition                 Fire           0%         3d3       100%        8
 Lehudib's Crystal Spear  Conj/Erth      0%         10d2      100%        8
 Shatter                  Erth           0%         3d5*      100%        9
 Shock                    Conj/Air       12%        1d3       32%         1
 Magic Dart               Conj           8%         1d3       41%         1
 Static Discharge         Conj/Air       3%         N/A       45%         2
 Poisonous Vapours        Pois/Air       6%         N/A       50%         2
 Mephitic Cloud           Conj/Pois/Air  2%         N/A       73%         3
 Conjure Flame            Conj/Fire      1%         6-21      82%         3
 Ignite Poison            Fire/Tmut/Pois 0%         N/A       85%         3
 Airstrike                Air            2%         N/A       90%         4
 Corpse Rot               Necr/Air       N/A        N/A       93%         2
 Apportation              Tloc           0%         N/A       94%         1
 Beastly Appendage        Tmut           0%         N/A       94%         1
 Pain                     Necr           0%         1d4       94%         1
 Swiftness                Air            5%         N/A       96%         3
 Call Imp                 Summ           0%         N/A       98%         2
 Passwall                 Tmut/Erth      0%         N/A       98%         2
 Slow                     Hex            0%         N/A       98%         2
 Sublimation of Blood     Necr           0%         N/A       98%         2
 Wereblood                Tmut           0%         N/A       98%         2
 Fulminant Prism          Conj/Hex       0%         3d6       99%         4
 Iskenderun's Mystic Bla  Conj/Tloc      1%         2d3       99%         4
 Sticky Flame             Conj/Fire      1%         2d3       99%         4
 Call Canine Familiar     Summ           0%         N/A       100%        3
 Confusing Touch          Hex            0%         N/A       100%        3
 Lesser Beckoning         Tloc           0%         N/A       100%        3
 Ozocubu's Armour         Ice            0%         N/A       100%        3
 Portal Projectile        Hex/Tloc       0%         N/A       100%        3
 Spider Form              Tmut/Pois      0%         N/A       100%        3
 Dispel Undead            Necr           0%         3d6       100%        4
 Leda's Liquefaction      Hex/Erth       0%         N/A       100%        4
 Summon Ice Beast         Ice/Summ       0%         N/A       100%        4
 Agony                    Necr           0%         N/A       100%        5
 Alistair's Intoxication  Tmut/Pois      0%         N/A       100%        5
 Blade Hands              Tmut           0%         N/A       100%        5
 Borgnjor's Vile Clutch   Necr/Erth      0%         N/A       100%        5
 Excruciating Wounds      Necr           0%         N/A       100%        5
 Fireball                 Conj/Fire      0%         3d3       100%        5
 Freezing Cloud           Conj/Ice/Air   1%         6-21      100%        5
 Irradiate                Conj/Tmut      0%         3d14      100%        5
 Iskenderun's Battlesphe  Conj           2%         2d6       100%        5
 Lee's Rapid Deconstruct  Erth           0%         3d5*      100%        5
 Summon Mana Viper        Hex/Summ       0%         N/A       100%        5
 Yara's Violent Unravell  Hex/Tmut       0%         3d3       100%        5
 Conjure Ball Lightning   Conj/Air       1%         3x3d6     100%        6
 Death Channel            Necr           0%         N/A       100%        6
 Eringya's Noxious Bog    Tmut/Pois      0%         N/A       100%        6
 Invisibility             Hex            0%         N/A       100%        6
 Simulacrum               Ice/Necr       0%         N/A       100%        6
 Dragon Form              Tmut           0%         N/A       100%        7
 Monstrous Menagerie      Summ           0%         N/A       100%        7
 Orb of Destruction       Conj           1%         N/A       100%        7
 Ozocubu's Refrigeration  Ice            0%         4d5       100%        7
 Storm Form               Tmut/Air       1%         N/A       100%        7
 Summon Hydra             Summ           0%         N/A       100%        7
 Borgnjor's Revivificati  Necr           0%         N/A       100%        8
 Necromutation            Tmut/Necr      0%         N/A       100%        8
 Chain Lightning          Conj/Air       1%         3d2       100%        9
 Death's Door             Necr           0%         N/A       100%        9
 Fire Storm               Conj/Fire      0%         6d1       100%        9
 Polar Vortex             Ice            0%         N/A       100%        9


Dungeon Overview and Level Annotations

Branches:
Dungeon (15/15)            Temple (0/1) D:5            Lair (6/6) D:9
  Swamp (4/4) Lair:2        Snake (4/4) Lair:3        Slime (0/5) Lair:6
    Orc (2/2) D:9             Elf (0/3) Orc:2        Vaults (4/5) D:14
  Crypt (0/3) Vaults:3     Depths (5/5) D:15            Zot (5/5) Depths:5
 Bailey (visited)         Gauntlet (visited)

Altars:
Ashenzari
Cheibriados
Dithmenos
Elyvilon
Fedhas
Hepliaklqana
Makhleb
Nemelex Xobeh
Okawaru
Qazlal
Ru
Sif Muna
Trog
Uskayaw
Vehumet
Wu Jian
Zin
The Shining One
Beogh
Jiyva
Lugonu

Shops:
D:6 [=[   D:14 ?   Orc:1 *   Orc:2 (:[*   Snake:4 *   Vaults:1 (   Depths:5 ?

Portals:
Hell: Depths:1 Depths:2 Depths:4 Depths:5
Abyss: Lair:6 Depths:1 Depths:2 Depths:4
Pandemonium: Depths:2 Depths:3
Ziggurat: Depths:1

Annotations:
D:3 1 runed translucent door, Hollywars's ghost, amateur HOFi
D:12 2 transporters, Netaeli's ghost, journeyman SpVM
Swamp:1 Roxanne
Depths:3 exclusion: hellion


Innate Abilities, Weirdness & Mutations

((You are quick and stealthy near water. (Stealth+, EV+, Speed+++)))
Your lower body shifts to a powerful aquatic tail in water.
You have a pair of small horns on your head.
You are dopey. (Int -2)
You occasionally shout uncontrollably at your foes.
You are weak. (Str -2)


Message History

The angels go into a battle-frenzy!
The daeva calls down the wrath of the Shining One upon you.
The Shining One smites you!
The seraph gestures.
The daeva calls down the wrath of the Shining One upon you.
The Shining One smites you!
The cherub sings a powerful hymn!
The angels go into a battle-frenzy!
The cherub's lion head roars!
The cherub sings a powerful hymn!
The cherub goes into a battle-frenzy!
The seraph gestures.
The seraph begins to accept its allies' injuries.
The cherub unwields a +4 falchion of flaming.
It stops flaming.
The cherub wields a +0 hunting sling.
The cherub shoots a stone.
The stone barely misses you.
The cherub unwields a +0 scimitar of flaming.
It stops flaming.
The cherub wields a +0 hunting sling.
The cherub shoots a stone.
The stone hits you but does no damage.
The cherub unwields a +4 falchion of flaming.
It stops flaming.
The cherub wields a +0 longbow.
The cherub shoots an arrow.
The arrow closely misses you.
There is a stone staircase leading up here.
You miss the angel. Your headbutt misses the angel.
Your spectral +9 spectral bardiche hits the angel!!
The cherub shoots a stone.
The stone completely misses you. The angel completely misses you. x2
The angel hits you with a +1 sacred scourge of holy wrath!!
The angel misses you.
The cherub shoots a stone.
The stone hits you but does no damage.
You climb upwards.
There is a stone staircase leading down here.
Unknown command.
Aiming: Dig
Press: ? - help, Shift-Dir - straight line A rock wall.
This square is covered in magical glow.
The rock shatters into small pieces.
There is a staircase leading out of the dungeon here.
You have escaped!

#.........##.......###.####....#
#...#..######.......#### #....#
#.........# ######..# ####.#
#.#....#### ######..# #.#
..........###.......# ######.##
#.#.......##.......## #........
+......##.##..##.### #........
##..#..#..##..#...## #........
....#..#..##....@..## #........
..........###.......## #........
#.#.#.....# ###..#...## #........
..#.###.#.# ######..#.###.)......
..#.###.#.###.......##...........
....†...#.##.......###.##.......#
....#.###.##..###### #.##........
..#.#.# ####..###### #...........
..#...# #.......###.###+##....


There were no monsters in sight!

Vanquished Creatures
  2 dread liches (Zot:5)
  3 orbs of fire (Zot:5)
  A juggernaut (Depths:3)
  7 Killer Klowns (Zot:5)
  A curse toe (Zot:5)
  4 golden dragons
  A caustic shrike (Depths:3)
  Rupert (Lair:4)
  10 tentacled monstrosities
  24 Orb Guardians
  2 liches
  A titan (Depths:3)
  8 quicksilver dragons
  2 death cobs (Zot:5)
  6 storm dragons
  3 tengu reavers
  6 sphinxes
  4 shadow dragons
  16 nagarajas (Snake:4)
  7 draconian monks
  2 draconian knights
  Aizul (Swamp:2)
  7 fire giants
  4 frost giants
  An orc warlord (Vaults:2)
  A fenstrider witch (Swamp:3)
  2 deep elf sorcerers
  4 ghost moths
  2 iron dragons (Depths:3)
  2 balrugs (Depths:2)
  2 draconian stormcallers
  2 ghost moths (shapeshifter)
  13 vault wardens
  3 draconian scorchers
  An angel (D:15)
  14 ironbound preservers
  2 draconian shifters
  A reaper (D:15)
  18 very ugly things
  6 vampire knights
  3 draconian annihilators
  8 green draconians
  11 stone giants
  8 dire elephants
  11 black draconians (Depths:5)
  4 yellow draconians
  A deep elf annihilator (Vaults:3)
  7 white draconians
  An entropy weaver (Vaults:1)
  9 purple draconians
  8 red draconians
  3 bunyips
  A minotaur (Gauntlet)
  10 spark wasps
  2 crystal guardians
  A deep elf death mage (Depths:3)
  5 ettins
  A shambling mangrove (Swamp:1)
  An eidolon (Vaults:3)
  A blizzard demon (D:4)
  2 eleionomae
  10 yaktaur captains
  5 fire dragons
  A jiangshi (Vaults:3)
  8 great orbs of eyes
  A deep elf high priest (Vaults:3)
  12 ironbound thunderhulks
  5 salamander tyrants
  25 hydras
  9 ice dragons
  18 naga warriors
  2 ghost crabs (Swamp:4)
  An ogre mage (Vaults:2)
  4 boulder beetles
  10 vault guards
  3 peacekeepers
  8 ironbound frosthearts
  5 spriggan air magi
  Erica (D:10)
  3 catoblepae
  2 centaur warriors
  A death knight (D:13)
  8 anacondas
  8 alligators
  A death scarab (Gauntlet)
  8 two-headed ogres
  9 deep troll earth magi
  5 deep troll shamans
  3 thrashing horrors
  10 death yaks
  6 tengu warriors
  2 vampire magi
  10 ironbound beastmasters
  2 spriggan berserkers (Depths:3)
  4 hell knights
  16 naga sharpshooters
  A deep elf knight (D:14)
  4 orc high priests (Orc:2)
  2 sun demons
  2 soul eaters
  4 shock serpents
  A skeletal warrior (D:13)
  A spectral death yak (Gauntlet)
  A shadow wraith (Vaults:4)
  5 wretched stars
  5 iron trolls
  4 salamander mystics
  A sixfirhy (Abyss:2)
  9 goliath frogs
  43 deep trolls
  A death drake (Swamp:4)
  A spriggan druid (Swamp:1)
  A flayed ghost (Depths:4)
  5 glowing orange brains
  A gelid demonspawn (Zot:5)
  An obsidian statue (Zot:5)
  4 bog bodies
  16 swamp dragons
  4 naga ritualists
  8 wizards
  18 ironbound convokers
  10 lindwurms
  14 orc knights
  9 necromancers
  A deep elf archer (Vaults:3)
  2 deep elf zephyrmancers (Vaults:3)
  3 oklob plants (Lair:5)
  2 deep elf pyromancers
  2 phantasmal warriors
  9 mana vipers
  7 orc sorcerers
  47 ugly things
  A fire giant zombie (Vaults:4)
  A manticore (D:15)
  30 salamanders
  3 cyclopes
  9 moths of wrath
  5 will-o-the-wisps
  A worldbinder (Abyss:2)
  A fire giant skeleton (Vaults:4)
  3 guardian serpents
  11 elephants
  A human skeleton (Vaults:4)
  6 smoke demons
  2 frost giant skeletons (Abyss:2)
  27 black mambas
  Maurice (D:12)
  A guardian serpent (shapeshifter) (D:13)
  2 gargoyles
  A rust devil (Depths:5)
  11 naga magi
  A cane toad (shapeshifter) (Abyss:2)
  13 cane toads
  A torpor snail (Gauntlet)
  20 vault sentinels
  Maggie (D:8)
  A hellion (D:7)
  3 rime drakes
  5 unseen horrors
  8 komodo dragons
  32 yaktaurs
  2 human zombies (Vaults:1)
  2 freezing wraiths
  4 ancient zymes
  2 tengu conjurers (Depths:4)
  A hydra zombie (Abyss:2)
  An efreet (D:13)
  3 trolls
  5 meliai (Abyss:3)
  A bloated husk (Swamp:1)
  A polar bear (shapeshifter) (D:14)
  8 hornets
  8 polar bears
  A wind drake (shapeshifter) (Lair:6)
  A queen bee (Abyss:3)
  6 tyrant leeches
  15 large abominations
  A hornet (shapeshifter) (D:15)
  29 slime creatures
  21 blink frogs
  An elf zombie (Vaults:1)
  2 dream sheep
  A redback (Vaults:1)
  29 small abominations
  10 water elementals
  A vampire (D:14)
  8 spriggans
  A tarantella (shapeshifter) (Lair:6)
  24 yaks
  Sigmund (D:5)
  A redback (shapeshifter) (Vaults:4)
  3 wraiths
  A ynoxinul (Abyss:2)
  2 steam dragons
  7 shadows
  A human (D:14)
  11 basilisks
  4 wyverns
  2 chaos spawn (Depths:1)
  A yaktaur simulacrum (Vaults:1)
  A neqoxec (Abyss:2)
  Menkaure (D:4)
  10 vampire mosquitoes
  11 swamp worms
  43 nagas
  4 wargs
  A hydra simulacrum (Abyss:2)
  A floating eye (Depths:4)
  23 water moccasins
  3 acid dragons
  10 swamp drakes
  44 orc warriors
  2 black bears (D:9)
  A sky beast (D:7)
  An ogre (shapeshifter) (D:13)
  A necrophage (D:4)
  23 wolves
  4 ogres
  11 starcursed masses (Abyss:2)
  A centaur (D:6)
  2 phantoms (D:4)
  A kobold brigand (D:11)
  13 bullfrogs
  A gnoll sergeant (D:9)
  4 scorpions
  2 wyvern skeletons (D:7)
  3 killer bees (D:10)
  5 electric eels
  A wight (D:9)
  2 howler monkeys (D:12)
  5 centaur zombies
  A human simulacrum (Vaults:1)
  3 hounds (D:5)
  33 orc priests
  A jelly (D:5)
  A gnoll shaman (D:3)
  An iron imp (Abyss:2)
  3 iguanas
  20 orc wizards
  A killer bee zombie (D:7)
  An ogre zombie (Abyss:2)
  A hound zombie (D:5)
  A howler monkey zombie (D:7)
  13 gnolls
  5 adders
  A howler monkey skeleton (D:7)
  2 white imps
  3 ufetubi
  An adder skeleton (D:4)
  A worm (D:2)
  3 dart slugs (D:2)
  99 orcs
  10 bats
  9 endoplasms
  2 giant cockroaches
  10 hobgoblins
  9 jackals
  10 kobolds
  A quokka (D:3)
  11 ball pythons
  3 frilled lizards
  7 goblins
  5 rats
1702 creatures vanquished.

Vanquished Creatures (collateral kills)
  the Lernaean hydra (Swamp:4)
  An orc warlord (Orc:1)
2 creatures vanquished.

Vanquished Creatures (others)
  An electric golem (Zot:5)
  A slime creature (D:13)
  A swamp drake (Swamp:4)
  An orc (Orc:2)
  2 foxfires (Swamp:4)
  56 fungi
  107 plants
  14 withered plants (Gauntlet)
183 creatures vanquished.

Grand Total: 1887 creatures vanquished

Notes
Turn   | Place    | Note
-------+----------+-------------------------------------------
     0 | D:1      | SnakkuSnakku7 the Merfolk Air Elementalist began the quest
                  | for the Orb.
     0 | D:1      | Reached XP level 1. HP: 13/13 MP: 3/3
   264 | D:1      | Reached skill level 1 in Fighting
   454 | D:1      | You fall into a shaft and drop 1 floor!
   471 | D:2      | Reached XP level 2. HP: 20/22 MP: 5/5
  1147 | D:1      | Reached skill level 1 in Polearms
  1223 | D:1      | Reached XP level 3. HP: 12/28 MP: 6/6
  2287 | D:2      | Reached XP level 4. HP: 27/35 MP: 7/7
  2351 | D:2      | Noticed an eye of devastation
  2353 | D:2      | Found a faded altar of an unknown god.
  2360 | D:2      | Noticed a golden eye
  2360 | D:2      | Noticed an eye of devastation
  2360 | D:2      | Noticed an eye of devastation
  2850 | D:3      | Found a runed translucent door.
  2850 | D:3      | Noticed Hollywars's ghost (amateur HOFi)
  2963 | D:3      | Found a radiant altar of Vehumet.
  3115 | D:3      | Became a worshipper of Vehumet
  3176 | D:3      | Reached XP level 5. HP: 36/42 MP: 8/8
  3650 | D:4      | Found a broken altar of Ashenzari.
  3651 | D:4      | Noticed Menkaure
  3784 | D:4      | Reached skill level 1 in Throwing
  4077 | D:3      | Reached skill level 5 in Polearms
  4077 | D:3      | Reached XP level 6. HP: 34/48 MP: 9/9
  4281 | D:4      | Killed Menkaure
  4301 | D:4      | Reached XP level 7. HP: 38/54 MP: 10/10
  4353 | D:4      | Found a blossoming altar of Fedhas.
  4353 | D:4      | Found a sacrificial altar of Ru.
  4466 | D:5      | Entered Level 5 of the Dungeon
  4468 | D:5      | Found a staircase to the Ecumenical Temple.
  4490 | D:5      | Found a snail-covered altar of Cheibriados.
  4587 | D:5      | Got the Almanac of Transformation
  4852 | D:5      | Reached XP level 8. HP: 60/60 MP: 11/11
  4887 | D:5      | Reached skill level 5 in Throwing
  4902 | D:5      | Reached * piety under Vehumet
  4902 | D:5      | Offered knowledge of Magic Dart by Vehumet.
  5139 | D:5      | Noticed Sigmund
  5152 | D:5      | Killed Sigmund
  5605 | D:6      | Noticed a two-headed ogre
  5625 | D:6      | Killed a two-headed ogre
  5626 | D:6      | Reached XP level 9. HP: 43/65 MP: 12/12
  5675 | D:6      | Found Tigic's Armour Shoppe.
  5680 | D:6      | Bought a +0 pair of gloves for 63 gold pieces
  5740 | D:6      | Found Sykisah's Jewellery Shop.
  5927 | D:6      | Found Laepity's Antique Armour Boutique.
  6203 | D:7      | Found a shadowy altar of Dithmenos.
  6441 | D:7      | Found a sparkling altar of Nemelex Xobeh.
  6466 | D:7      | Found a flagged portal.
  6479 | Bailey   | Entered a bailey
  6576 | Bailey   | Noticed an orc knight
  6644 | Bailey   | Noticed an orc knight
  6644 | Bailey   | Noticed an orc knight
  6644 | Bailey   | Noticed an orc knight
  6799 | Bailey   | Killed an orc knight
  6893 | Bailey   | Killed an orc knight
  6894 | Bailey   | Reached skill level 15 in Polearms
  6902 | Bailey   | Killed an orc knight
  6903 | Bailey   | Reached XP level 10. HP: 71/71 MP: 13/13
  6921 | Bailey   | Killed an orc knight
  7184 | D:7      | Found a shimmering blue altar of Sif Muna.
  7184 | D:7      | Found an ornate altar of the Wu Jian Council.
  7187 | D:7      | Found a hide-covered altar of Uskayaw.
  7187 | D:7      | Found a white marble altar of Elyvilon.
  7189 | D:7      | Found a hazy altar of Hepliaklqana.
  7189 | D:7      | Found a glowing silver altar of Zin.
  7265 | D:6      | Bought a pair of embroidered boots for 202 gold pieces
  7305 | D:7      | Offered knowledge of Foxfire by Vehumet.
  7491 | D:8      | Reached ** piety under Vehumet
  7628 | D:8      | Noticed Maggie
  7640 | D:8      | Killed Maggie
  7707 | D:8      | Noticed a two-headed ogre
  7728 | D:8      | Killed a two-headed ogre
  8098 | D:9      | Found a staircase to the Lair.
  8185 | D:9      | Reached XP level 11. HP: 29/77 MP: 14/14
  8294 | D:9      | Found a staircase to the Orcish Mines.
  8296 | D:9      | Offered knowledge of Inner Flame by Vehumet.
  8343 | Orc:1    | Entered Level 1 of the Orcish Mines
  8343 | Orc:1    | Noticed an orc sorcerer
  8449 | D:9      | Noticed a two-headed ogre
  8458 | D:9      | Killed a two-headed ogre
  8458 | D:9      | Reached *** piety under Vehumet
  8822 | D:10     | Entered Level 10 of the Dungeon
  8899 | D:10     | Noticed a two-headed ogre
  9101 | D:10     | Noticed a two-headed ogre
  9112 | D:10     | Killed a two-headed ogre
  9248 | D:10     | Noticed Erica
  9255 | D:10     | Killed Erica
  9256 | D:10     | Reached skill level 5 in Fighting
  9288 | D:10     | Killed a two-headed ogre
  9288 | D:10     | Offered knowledge of Olgreb's Toxic Radiance by Vehumet.
  9414 | D:10     | Identified the +10 hand axe of the Sugar Beet {vorpal,
                  | Int+3}
  9416 | D:10     | Identified the +8 hand axe "Woar Ome" {holy, Fragile rElec
                  | rF+ rC+}
  9751 | D:11     | Noticed a two-headed ogre
  9756 | D:11     | Killed a two-headed ogre
  9757 | D:11     | Reached XP level 12. HP: 87/96 MP: 15/15
 10122 | D:11     | Reached skill level 10 in Fighting
 10184 | D:11     | Reached **** piety under Vehumet
 10610 | D:12     | Found a transporter.
 10611 | D:12     | Found a transporter.
 10613 | D:12     | Noticed a two-headed ogre
 10908 | D:12     | Noticed a two-headed ogre
 10926 | D:12     | Killed a two-headed ogre
 11012 | D:12     | Found a bloodstained altar of Trog.
 11013 | D:12     | Noticed a two-headed ogre
 11016 | D:12     | Noticed Netaeli's ghost (journeyman SpVM)
 11025 | D:12     | Noticed a two-headed ogre
 11087 | D:12     | Noticed Maurice
 11117 | D:12     | Killed Maurice
 11443 | Lair:1   | Entered Level 1 of the Lair of Beasts
 11749 | Lair:1   | Offered knowledge of Iskenderun's Mystic Blast by Vehumet.
 11753 | Lair:1   | Noticed a five-headed hydra
 11764 | Lair:1   | Killed a one-headed hydra
 11800 | Lair:1   | Identified the ring of Mecagiun {Ice Dex+6}
 11885 | Lair:1   | Identified the +6 trident "Zuss" {flame, *Noise +Rage MP+9
                  | Dex+4}
 12095 | Lair:2   | Noticed a seven-headed hydra
 12102 | Lair:2   | Killed a seven-headed hydra
 12107 | Lair:2   | Found an ornate altar of the Wu Jian Council.
 12108 | Lair:2   | Found a hide-covered altar of Uskayaw.
 12108 | Lair:2   | Noticed a boulder beetle
 12120 | Lair:2   | Killed a boulder beetle
 12261 | Lair:2   | Reached skill level 10 in Dodging
 12261 | Lair:2   | Reached XP level 13. HP: 94/108 MP: 16/16
 12393 | Lair:2   | Found a staircase to the Swamp.
 13080 | Lair:3   | Found a stormy altar of Qazlal.
 13370 | Lair:3   | Found a staircase to the Snake Pit.
 13616 | Lair:4   | Reached ***** piety under Vehumet
 13616 | Lair:4   | Offered knowledge of Lee's Rapid Deconstruction by Vehumet.
 13633 | Lair:4   | Noticed Rupert
 13642 | Lair:4   | Paralysed by Rupert for 4 turns
 13679 | Lair:4   | Killed Rupert
 13977 | Lair:4   | Reached skill level 15 in Dodging
 14343 | Lair:4   | Reached skill level 1 in Armour
 14668 | Lair:5   | Reached XP level 14. HP: 115/115 MP: 17/17
 14970 | Lair:5   | Reached skill level 5 in Armour
 15410 | Lair:6   | Entered Level 6 of the Lair of Beasts
 15626 | Lair:6   | Found a staircase to the Slime Pits.
 15627 | Lair:6   | Found a viscous altar of Jiyva.
 16584 | Lair:6   | Reached ****** piety under Vehumet
 16585 | Lair:6   | Reached XP level 15. HP: 120/120 MP: 18/18
 16796 | Lair:6   | Offered knowledge of Iskenderun's Battlesphere by Vehumet.
 16982 | Lair:6   | Reached skill level 10 in Armour
 17000 | Lair:6   | Found a corrupted altar of Lugonu.
 17000 | Lair:6   | Found a one-way gate to the infinite horrors of the Abyss.
 17763 | Orc:2    | Entered Level 2 of the Orcish Mines
 17778 | Orc:2    | Found a gate leading to a gauntlet.
 17788 | Gauntlet | Entered a Gauntlet
 17788 | Gauntlet | Found a transporter.
 17801 | Gauntlet | Found a transporter.
 17812 | Gauntlet | Found a transporter.
 17818 | Gauntlet | Found a transporter.
 17833 | Gauntlet | Found a transporter.
 17852 | Gauntlet | Found a transporter.
 17864 | Gauntlet | Found a transporter.
 17876 | Gauntlet | Found a transporter.
 17888 | Gauntlet | Found a transporter.
 17900 | Gauntlet | Found a transporter.
 17917 | Gauntlet | Found a transporter.
 17934 | Gauntlet | Found a transporter.
 17936 | Gauntlet | Found a transporter.
 17962 | Gauntlet | Found a transporter.
 17964 | Gauntlet | Found a transporter.
 17966 | Gauntlet | Found a transporter.
 18011 | Gauntlet | Found a transporter.
 18013 | Gauntlet | Found a transporter.
 18088 | Gauntlet | Identified the amulet "Vitrorawk" {Acrobat Contam rPois
                  | rCorr SInv}
 18099 | Gauntlet | Identified the +11 dagger "Naerir" {elec, rElec}
 18099 | Gauntlet | Identified the amulet "Peupsos" {+Blink Regen+}
 18219 | Orc:2    | Found a staircase to the Elven Halls.
 18689 | Orc:2    | Offered knowledge of Spellforged Servitor by Vehumet.
 18880 | Orc:2    | Noticed an orc warlord
 18961 | Orc:1    | Killed an orc warlord
 19257 | Orc:2    | Found Ticettus's General Store.
 19258 | Orc:2    | Found Pena's Book Boutique.
 19260 | Orc:2    | Found Ostex's Antique Armour Boutique.
 19260 | Orc:2    | Found Sirotwip's Antique Weapon Shop.
 19265 | Orc:2    | Bought a cloak for 153 gold pieces
 19280 | Orc:2    | Bought a scroll of enchant weapon for 105 gold pieces
 19280 | Orc:2    | Bought a scroll of fear for 49 gold pieces
 19280 | Orc:2    | Bought a phial of floods for 560 gold pieces
 19866 | Orc:1    | Offered knowledge of Freezing Cloud by Vehumet.
 19976 | Orc:1    | Found Qilem's CLEARANCE SALE! EVERYTHING MUST GO!.
 19981 | Orc:1    | Bought a scroll of fear for 21 gold pieces
 20574 | D:13     | Reached XP level 16. HP: 61/127 MP: 19/19
 21043 | D:14     | Paralysed by an orc sorcerer for 4 turns
 21145 | D:14     | Found a gate to the Vaults.
 21271 | D:14     | Identified a scroll of acquirement
 21272 | D:14     | Acquired a +4 ring of evasion
 21306 | D:14     | Found Liopi's Magic Scroll Shop.
 21316 | D:14     | Bought a scroll of enchant weapon for 97 gold pieces
 21316 | D:14     | Bought a scroll of brand weapon for 260 gold pieces
 21316 | D:14     | Bought a scroll of enchant weapon for 97 gold pieces
 21316 | D:14     | Bought a scroll of fog for 26 gold pieces
 21316 | D:14     | Bought a scroll of fog for 26 gold pieces
 21316 | D:14     | Bought a scroll of teleportation for 39 gold pieces
 21316 | D:14     | Bought a scroll of teleportation for 39 gold pieces
 21316 | D:14     | Bought 2 scrolls of fear for 91 gold pieces
 22102 | D:15     | Entered Level 15 of the Dungeon
 22207 | D:15     | Found an ornate altar of the Wu Jian Council.
 22565 | D:15     | Found a staircase to the Depths.
 23015 | Swamp:1  | Entered Level 1 of the Swamp
 23092 | Swamp:1  | Noticed Roxanne
 23386 | Swamp:1  | Offered knowledge of Fireball by Vehumet.
 23426 | Swamp:1  | Reached XP level 17. HP: 98/134 MP: 20/20
 23437 | Swamp:1  | Got Sif Muna's Catalogue of Ensnaring Dislocation
 23964 | Swamp:2  | Noticed Aizul
 23978 | Swamp:2  | Killed Aizul
 24618 | Swamp:4  | Entered Level 4 of the Swamp
 24845 | Swamp:4  | Reached skill level 15 in Fighting
 24872 | Swamp:4  | Offered knowledge of Orb of Destruction by Vehumet.
 25436 | Swamp:4  | Noticed the 27-headed Lernaean hydra
 25673 | Swamp:4  | Killed the 27-headed Lernaean hydra
 25743 | Swamp:4  | Got a decaying rune of Zot
 25912 | Snake:1  | Entered Level 1 of the Snake Pit
 25957 | Snake:1  | Acquired the ring "Witage" {rPois rCorr Str+7 Int-4}
 26007 | Snake:1  | Reached XP level 18. HP: 153/153 MP: 21/21
 26389 | Snake:2  | Offered knowledge of Starburst by Vehumet.
 27391 | Snake:3  | Found the +2 cloak of the Thief {*Fog Slay-2 SInv Stlth+}
 28023 | Snake:4  | Entered Level 4 of the Snake Pit
 28250 | Snake:4  | Found Sibeis's Neck Hole.
 28507 | Snake:4  | Reached XP level 19. HP: 93/168 MP: 22/22
 28540 | Snake:4  | Offered knowledge of Lehudib's Crystal Spear by Vehumet.
 28540 | Snake:4  | Offered knowledge of Shatter by Vehumet.
 28540 | Snake:4  | Offered knowledge of Ignition by Vehumet.
 28896 | Snake:4  | Got a serpentine rune of Zot
 29235 | Vaults:1 | Entered Level 1 of the Vaults
 29531 | Vaults:1 | Cast into level 2 of the Abyss (a wizard)
 29613 | Abyss:2  | Paralysed by accursed screaming for 1 turns
 29637 | Abyss:2  | Gained mutation: You have a pair of small horns on your
                  | head. [a neqoxec]
 29854 | Abyss:3  | Reached XP level 20. HP: 109/140 MP: 23/23
 29884 | Abyss:3  | Got an abyssal rune of Zot
 29903 | Vaults:1 | Escaped the Abyss
 30257 | Vaults:1 | Found the +8 frozen axe "Frostbite" {freezing cloud, *Noise
                  | Fly rC+}
 30277 | Vaults:1 | Reached skill level 27 in Polearms
 30617 | Vaults:1 | Found Amenwax's Antique Weapon Shop.
 31927 | Vaults:3 | Reached XP level 21. HP: 175/183 MP: 24/24
 31964 | Vaults:3 | Found a staircase to the Crypt.
 32814 | Vaults:3 | Identified the +4 hand axe "Gutwebb" {flame, Fragile rN++
                  | Will+ rCorr}
 34102 | Vaults:4 | Reached XP level 22. HP: 181/190 MP: 25/25
 34103 | Vaults:4 | Reached XP level 23. HP: 190/198 MP: 26/26
 34405 | Depths:1 | Entered Level 1 of the Depths
 34482 | Depths:1 | Found a radiant altar of Vehumet.
 34561 | Depths:1 | Found a gateway to a ziggurat.
 34696 | Depths:1 | Found a gateway to Hell.
 35278 | Depths:2 | Paralysed by a sphinx for 2 turns
 35621 | Depths:2 | Found a sacrificial altar of Ru.
 35775 | Depths:2 | Found a one-way gate leading to the halls of Pandemonium.
 35904 | Depths:2 | Found a corrupted altar of Lugonu.
 36200 | Depths:3 | Reached skill level 27 in Dodging
 36507 | Depths:3 | Found an iron altar of Okawaru.
 37274 | Depths:3 | Noticed a caustic shrike
 37286 | Depths:3 | Killed a caustic shrike
 37306 | Depths:3 | Paralysed by a vampire knight for 5 turns
 37460 | Depths:3 | Noticed a juggernaut
 37472 | Depths:3 | Killed a juggernaut
 37485 | Depths:3 | Reached XP level 24. HP: 92/210 MP: 26/26
 37568 | Depths:3 | Identified the +5 plate armour of Xeduiril {rCorr Int+2
                  | Dex+4}
 38956 | Depths:5 | Entered Level 5 of the Depths
 39046 | Depths:5 | Found Domniare's Magic Scroll Shop.
 39052 | Depths:5 | Bought a scroll of blinking for 105 gold pieces
 39052 | Depths:5 | Bought a scroll of blinking for 105 gold pieces
 39052 | Depths:5 | Bought a scroll of enchant weapon for 105 gold pieces
 39052 | Depths:5 | Bought a scroll of fog for 28 gold pieces
 39052 | Depths:5 | Bought a scroll of teleportation for 42 gold pieces
 39127 | Depths:5 | Found a glowing golden altar of the Shining One.
 39141 | Depths:5 | Found a burning altar of Makhleb.
 39592 | Depths:5 | Identified the +1 leather armour of Exainy {rF- rC+ Int+5}
 39657 | Depths:5 | Reached XP level 25. HP: 96/226 MP: 26/26
 39857 | Depths:5 | Found a gate to the Realm of Zot.
 40102 | Zot:1    | Entered Level 1 of the Realm of Zot
 40558 | Zot:5    | Entered Level 5 of the Realm of Zot
 40961 | Zot:5    | Reached skill level 27 in Fighting
 41325 | Zot:5    | Reached XP level 26. HP: 196/242 MP: 26/26
 41325 | Zot:5    | Noticed a Killer Klown
 41348 | Zot:5    | Killed a Killer Klown
 41406 | Zot:5    | Noticed an orb of fire
 41408 | Zot:5    | Gained mutation: You are dopey. (Int -2) [an orb of fire]
 41442 | Zot:5    | Noticed a Killer Klown
 41454 | Zot:5    | Noticed a Killer Klown
 41536 | Zot:5    | Killed an orb of fire
 41540 | Zot:5    | Killed a Killer Klown
 41540 | Zot:5    | Noticed an orb of fire
 41542 | Zot:5    | Noticed a Killer Klown
 41548 | Zot:5    | Killed an orb of fire
 41549 | Zot:5    | Killed a Killer Klown
 41563 | Zot:5    | Killed a Killer Klown
 41583 | Zot:5    | Noticed an orb of fire
 41584 | Zot:5    | Gained mutation: You are weak. (Str -2) [an orb of fire]
 41588 | Zot:5    | Gained mutation: You occasionally shout uncontrollably at
                  | your foes. [an orb of fire]
 41591 | Zot:5    | Killed an orb of fire
 41665 | Zot:5    | Noticed a Killer Klown
 41672 | Zot:5    | Killed a Killer Klown
 41683 | Zot:5    | Noticed a Killer Klown
 41683 | Zot:5    | Noticed a Killer Klown
 41689 | Zot:5    | Noticed a dread lich
 41693 | Zot:5    | Killed a dread lich
 41700 | Zot:5    | Killed a Killer Klown
 41707 | Zot:5    | Killed a Killer Klown
 41938 | Zot:5    | Noticed a dread lich
 41951 | Zot:5    | Paralysed by a dread lich for 4 turns
 41958 | Zot:5    | Killed a dread lich
 42033 | Zot:5    | Got the Orb of Zot
 42105 | Zot:5    | Noticed Waschejyn the pandemonium lord
 42158 | Zot:3    | Noticed Cuneostri the pandemonium lord
 42388 | Depths:3 | Reached XP level 27. HP: 239/243 MP: 26/26
 42764 | D:2      | Noticed a seraph
 42793 | D:$      | Escaped with the Orb!

Illustrated notes

Levels and vault maps discovered:
D:1:      minmay_arrival_wavy_path, layout_basic, dk_noncrumbling_4
D:2:      minmay_spotlight, layout_basic, serial_rivers,
          chequers_serial_rivers_large_b, chequers_serial_rivers_large_a,
          chequers_serial_rivers_micro_a, chequers_serial_rivers_small_3,
          chequers_serial_rivers_small_3, chequers_serial_rivers_small_b,
          hellmonk_ecumenical_altar_watching_god, kennysheep_another_room,
          minmay_hedge_maze, minmay_pentomino_z2
D:3:      layout_rooms, lemuel_coloured_pillars_altar, gammafunk_ghost_grave
D:4:      layout_basic, evilmike_ruin_ashenzari,
          mainiacjoe_overflow_divided_tiny, minmay_misc_feat_plants,
          uniq_menkaure
D:5:      layout_basic, lemuel_crystal_altar, minmay_temple_entry_sparse_star,
          uniq_sigmund
D:6:      layout_loops_ring, serial_shops, shop_fountains, shop, shop,
          amethyst_killhole, minmay_misc_feat_encased
D:7:      layout_loops_ring, nemelex_xobeh_ov_fountains_minmay,
          mainiacjoe_overflow_cross_hatched, grunt_temple_overflow_open,
          enter_bailey_2
D:8:      layout_cave_pools, uniq_maggie
D:9:      layout_basic, due_lair_maze_entry_diamond, david_orc_3
D:10:     layout_roguey, evilmike_butchery, uniq_erica
D:11:     minmay_recursive_quarters, layout_basic
D:12:     layout_grid_maze, gammafunk_ghost_wrathful_warriors, uniq_maurice
D:13:     layout_basic
D:14:     layout_long_grid, grunt_vaults_entry_fortified, roderic_lattice_a,
          serial_shops, nicolae_lakefront_shop
D:15:     grunt_enter_depths_snipers, layout_basic, serial_park_gazebo
          [serial_park_minivault_5x5_4]
Lair:1:   layout_long_grid, infiniplex_staircase_pool
Lair:2:   layout_loops_ring, minmay_swamp_entry_worms,
          nzn_masters_of_martial_movement, lemuel_fruit_tree
Lair:3:   layout_hall_layers, minmay_snake_entry_guardpost_medium, basic_altar,
          serial_bayou_crossing, grunt_megastairs_2
Lair:4:   layout_small_grid, fungi_pond_lemuel, nicolae_lair_yak_garden,
          lemuel_fruit_fields, uniq_rupert
Lair:5:   layout_regular_city, beast_lair_carwin_9, grunt_megastairs_4,
          lemuel_fruit_fields, infiniplex_staircase_pool_2,
          minmay_lair_oklob_chamber
Lair:6:   hellmonk_lair_end_abyssal_woods, layout_hall_layers, slime_altar_1,
          serial_bayou, serial_bayou_pond_a, serial_bayou_pond_a,
          serial_bayou_pond_b, serial_bayou_pond_e, serial_bayou_shore_a,
          serial_bayou_ford_a
Swamp:1:  layout_basic_swamp, evilmike_swamp_ruin_house_5, swamp_pool1,
          hangedman_swamp_dais, uniq_roxanne
Swamp:2:  layout_falls_marsh, serial_swamp_ruin, evilmike_swamp_ruin_house_2,
          evilmike_swamp_ruin_house_3, evilmike_swamp_ruin_rubble_2, uniq_aizul
Swamp:3:  layout_basic_swamp, evilmike_swamp_ruin_house_6
Swamp:4:  swamp_old_school, layout_basic_swamp
Snake:1:  layout_rooms, special_room
Snake:2:  layout_basic, nicolae_snake_salamander_jacuzzi
Snake:3:  layout_misc_corridors
Snake:4:  grunt_snake_rune_spirals, layout_onion_interference,
          nicolae_shop_sticking_my_neck_out
Orc:1:    layout_caves, special_room [special_room_orc], nicolae_shop_clearance
Orc:2:    st_orc_congregation, layout_diamond_mine, gauntlet_entry_generic,
          minmay_orc_temple_c
Vaults:1: vaults_room_door_ring, ontoclasm_vaults_idyll, hangedman_vaults_maws,
          grunt_vaults_focal, ontoclasm_vaults_chip, ontoclasm_vaults_eye,
          nicolae_vaults_network_s, dpeg_vaults_monster_box,
          layout_vaults_omnigrid, serial_shops, nicolae_shop_behind_doors
Vaults:2: nicolae_vaults_theta, v_misc_15, vaults_room_door_ring,
          nicolae_vaults_alarming, vaults_mumra_minichess, grunt_vaults_swirl,
          ontoclasm_vaults_chip, hangedman_vaults_hat, vaults_dpeg_hooks,
          v_alt_pattern_4, st_lines, vaults_room_octagon, grunt_vaults_diagonal,
          ontoclasm_vaults_spin, layout_vaults_maze_bifur
Vaults:3: hangedman_vaults_trim, minmay_crypt_entry_simple_sparse,
          hangedman_vaults_cutoff, nicolae_vaults_ring_of_whatevers, v_rooms_5,
          vaults_room_fours, grunt_vaults_twisty, hangedman_vaults_capsules,
          grunt_vaults_hallway_long, v_misc_15, ontoclasm_vaults_ring_small,
          v_misc_25, nicolae_vaults_little_squares_4, nicolae_vaults_asterisk,
          layout_vaults_ring
Vaults:4: v_misc_30, nicolae_vaults_stairing_the_circle, v_alt_pattern_2,
          v_rooms_1, hangedman_vaults_snaps, dpeg_vaults_waves, v_pattern_5,
          ontoclasm_vaults_ligature, nicolae_vaults_little_squares_3, v_misc_19,
          ontoclasm_vaults_ring_square, vaults_dpeg_ring,
          nicolae_vaults_shelves_hall, ontoclasm_vaults_hangar,
          layout_vaults_omnibox
Depths:1: layout_gridlike, enter_ziggurat_d, fiery_altar_vehumet,
          pf_coc_iceberg, minmay_room_of_horrors, minmay_crystal_water,
          abandoned_shop, minmay_misc_feat_columns, kennysheep_generic_room_15
Depths:2: hourglass_vault, layout_long_grid, nicolae_ru_sacrificial_ziggurat,
          grunt_pan_entry_zigzag, abyss_entry_flame_altar,
          pf_dread_powers_of_hell, minmay_staircase_bubble
Depths:3: cheibrodos_leafed_vault, layout_basic, basic_altar,
          rand_demon_pan_entry_3, hellmouth_1, hangedman_decor_lopped,
          infiniplex_staircase_zigzag_4
Depths:4: evilmike_inaccessible_box, layout_honeycomb,
          chequers_decorated_corner, abyss_entry, hell_entry,
          kennysheep_small_circle, infiniplex_staircase_spiral
Depths:5: lemuel_castle_with_subvaults [lemuel_castle_interior_carwin_2],
          layout_cave_pools, hell_entry, nicolae_water_bricks, serial_shops,
          shop_statue, nzn_life_drinkers
Zot:1:    layout_gridlike
Zot:2:    kennysheep_blocky_hall, layout_basic, st_single_dragon_hoard_4,
          lemuel_baited_zot_trap
Zot:3:    layout_onion
Zot:4:    layout_twisted_circle
Zot:5:    layout_cathedral_of_symmetry, skrybe_zot_glass_1

Skill      XL: |  1  2  3  4  5  6  7  8  9 10 11 12 13 14 15 16 17 18 19 20 21 22 23 24 25 26 |
---------------+-------------------------------------------------------------------------------+-----
Fighting       | 1 2 3 4 9 12 16 19 20 22 24 27 | 27.0
Polearms       | 1 2 3 5 6 8 12 16 18 20 23 26 27 | 27.0
Throwing       | 1 3 4 6 |  6.0
Dodging        | 10 15 19 22 25 27 | 27.0
Armour         | 3 9 10 14 | 14.7
Stealth        | |  2.1
Spellcasting   | |  2.0
Conjurations   | |  0.7
Air Magic      | |  2.4

Action                   |  1- 3 |  4- 6 |  7- 9 | 10-12 | 13-15 | 16-18 | 19-21 | 22-24 | 25-27 || total
-------------------------+-------+-------+-------+-------+-------+-------+-------+-------+-------++-------
Melee: Dagger            |    53 |       |       |       |       |       |       |       |       ||    53
       Unarmed           |     2 |       |       |       |       |       |       |       |       ||     2
       Spear             |   143 |   300 |       |       |       |       |       |       |       ||   443
       Staff             |     5 |       |       |       |       |       |       |       |       ||     5
       Tailslap          |    12 |     3 |     5 |     1 |    24 |    25 |       |     3 |     3 ||    76
       Halberd           |       |    32 |   133 |   166 |       |       |       |       |       ||   331
       Scythe            |       |       |    58 |       |       |       |       |       |       ||    58
       Glaive            |       |       |       |   370 |  1450 |       |       |       |       ||  1820
       Scimitar          |       |       |       |     5 |       |       |       |       |       ||     5
       Trident           |       |       |       |     4 |    24 |    31 |       |       |       ||    59
       Bardiche          |       |       |       |       |   218 |   773 |   829 |   636 |   439 ||  2895
       Headbutt          |       |       |       |       |       |       |   142 |   134 |   106 ||   382
Throw: Dart              |       |    14 |    61 |    41 |     3 |       |       |       |       ||   119
       Javelin           |       |     3 |       |       |       |       |       |       |       ||     3
       Throwing net      |       |       |       |     1 |       |       |       |       |       ||     1
 Cast: Shock             |    13 |       |       |       |       |       |       |       |       ||    13
Evoke: Wand              |       |       |       |     5 |       |     2 |       |     1 |     4 ||    12
       Phantom mirror    |       |       |       |       |     1 |     1 |       |       |       ||     2
       Box of beasts     |       |       |       |       |     1 |       |       |       |       ||     1
  Use: Scroll            |       |       |     7 |    14 |    15 |    23 |     2 |     2 |     8 ||    71
       Potion            |       |       |       |     3 |     3 |       |     3 |     1 |     9 ||    19
 Stab: Sleeping          |     2 |     1 |     1 |     6 |    10 |       |       |       |       ||    20
       Distracted        |       |       |     1 |     2 |     1 |    12 |    15 |    18 |    13 ||    62
       Petrified         |       |       |       |       |     6 |       |       |       |       ||     6
       Petrifying        |       |       |       |       |     1 |       |       |       |       ||     1
       Confused          |       |       |       |       |       |     1 |       |       |       ||     1
Armor: Robe              |    21 |       |       |       |       |       |       |       |       ||    21
       Ring mail         |    14 |    90 |    57 |   199 |    78 |       |       |       |       ||   438
       Plate armour      |       |       |       |       |   636 |   426 |   265 |   187 |   181 ||  1695
       Swamp dragon scal |       |       |       |       |       |    11 |       |       |       ||    11
Dodge: Dodged            |   128 |   152 |   139 |   211 |   718 |   389 |   268 |   289 |   202 ||  2496
       Rpst.: Scimitar   |       |       |       |     1 |       |       |       |       |       ||     1
